Cogmind - Beta 13 @@@ ROGUE MODE // 2024.04.27 @ 00:03:25 Player: sve9 Result: Destroyed by 5O-JZJ(R) with Subdweller Beam Cannon Performance ------------- Evolutions (0) 0 Regions Visited (2) 400 Robots Destroyed (19) 95 Value Destroyed (571) 571 Prototype IDs (2) 40 Alien Tech Used (0) 0 Bonus (0) 0 TOTAL SCORE: 1106 Bonus ------- None Cogmind --------- Core Integrity 0/250 Matter 248/300 Energy 180/180 System Corruption 0% Temperature Hot (208) Movement Rolling (140) Ox4 Location -10/Subcaves Parts ------- > --- POWER (1) -------- Meta Core > --- PROPULSION (2) --- Light Treads Wheel > --- UTILITY (2+1) ---- Heat Sink High-capacity Storage Unit > --- WEAPON (2+1) ----- Improved Medium Laser > --- INVENTORY (20) --- Ion Engine Light Ion Engine Light Ion Engine Light Ion Engine Light Ion Engine Subdweller Monowheel Subdweller Monowheel Subdweller Monowheel Visual Processing Unit Targeting Computer Small Laser Improved Medium Laser Subdweller Laser Assault Rifle Light Assault Rifle Battle Cannon Rocket Launcher Rocket Launcher Peak State ------------ > --- POWER ------------ Meta Core > --- PROPULSION ------- Light Treads Light Treads Subdweller Monowheel > --- UTILITY ---------- Heat Sink High-capacity Storage Unit > --- WEAPON ----------- Improved Medium Laser Battle Cannon > --- INVENTORY -------- Ion Engine Light Ion Engine Light Ion Engine Light Ion Engine Light Ion Engine Visual Processing Unit Targeting Computer Small Laser Improved Medium Laser Improved Medium Laser Assault Rifle Light Assault Rifle Rocket Launcher Rocket Launcher [Rating: 26] Favorites ----------- Power Ion Engine Engine Ion Engine Power Core Meta Core Propulsion Wheel Treads Light Treads Wheel Wheel Utility Heat Sink Device Heat Sink Storage High-capacity Storage Unit Weapon Improved Medium Laser Energy Gun Improved Medium Laser Ballistic Gun Light Assault Rifle Ballistic Cannon Battle Cannon Launcher Rocket Launcher Build | -11 -10 -10 ------- Run | Yrd Mat Sub Slots Evolved . | . . . Power . | . . . Propulsion . | . . . Utility . | . . . Weapon . | . . . Parts Attached 25 | 6 5 14 Power 4 | 1 1 2 Engine 3 | 1 1 1 Core 1 | . . 1 Reactor . | . . . Propulsion 9 | 2 1 6 Treads 5 | 1 . 4 Leg . | . . . Wheel 4 | 1 1 2 Hover . | . . . Flight . | . . . Utility 3 | 1 2 . Device 1 | . 1 . Storage 2 | 1 1 . Processor . | . . . Hackware . | . . . Protection . | . . . Artifact . | . . . Weapon 9 | 2 1 6 Energy Gun 4 | . 1 3 Energy Cannon . | . . . Ballistic Gun 2 | 2 . . Ballistic Cannon 1 | . . 1 Launcher 2 | . . 2 Special Weapon . | . . . Impact Weapon . | . . . Slashing Weapon . | . . . Piercing Weapon . | . . . Special Melee Weapon . | . . . Unidentified Prototypes 2 | . 1 1 Parts Lost 6 | . . 6 Power . | . . . Propulsion 4 | . . 4 Utility . | . . . Weapon 2 | . . 2 Highest Loss Streak 3 | . . 3 To Critical Strikes 1 | . . 1 Average Slot Usage (%) 92 | . 96 88 Engine 10 | . 14 6 Core 2 | . . 5 Treads 5 | . 4 7 Wheel 22 | . 23 20 Device 11 | . 10 11 Storage 12 | . 14 11 Energy Gun 12 | . 14 11 Ballistic Gun 10 | . 14 6 Ballistic Cannon 2 | . . 5 Naked Turns . | . . . Heaviest Build 53 | 10 50 53 Greatest Support 40 | 10 26 40 Greatest Overweight (x) 5 | 2 4 5 Average Overweight (x) 1 | . 1 1 Largest Inventory Capacity 20 | 8 20 20 Average Capacity 17 | 7 16 20 Most Carried 19 | 6 13 19 Average Carried 12 | 3 10 15 Final Capacity 20 | 8 20 20 Final Carried 18 | 6 13 18 Class Distribution -------------------- 100% | Mutant Dominant Class ---------------- Mutant | -10/Materials Mutant | -10/Subcaves Resources | -11 -10 -10 ----------- Run | Yrd Mat Sub Matter Collected 543 | 196 138 209 Remotely . | . . . Salvage Created 600 | . 209 391 Parts 42 | . 15 27 Haulers Intercepted 1 | . 1 . Recyclers Shooed . | . . . Parts Field Recycled . | . . . Retrieved Matter . | . . . Parts Self-Destructed 11 | . . 11 Prevented . | . . . Kills | -11 -10 -10 ------- Run | Yrd Mat Sub Combat Hostiles Destroyed 16 | . 3 13 Guns 9 | . 3 6 Cannons 2 | . . 2 AOE 5 | . . 5 Classes Destroyed 7 | . 4 3 Hauler 1 | . 1 . Operator 1 | . 1 . Watcher 1 | . 1 . Swarmer 3 | . . 3 Grunt 3 | . 3 . Sentry 1 | . . 1 Subdweller 9 | . . 9 Best Kill Streak 4 | . 4 4 Combat Bots Only 4 | . 3 4 Max Kills in Single Turn 3 | . 1 3 Gunslinging . | . . . Exploded 3 | . . 3 Melee . | . . . Uniques/NPCs Destroyed . | . . . Combat | -11 -10 -10 -------- Run | Yrd Mat Sub Hostile Shots Fired 94 | . 9 85 Missed 24 | . 1 23 Damage Taken 1204 | . 89 1115 Core 255 | . 21 234 Absorbed by Shields . | . . . Core Remaining (%) 100 | 100 . . Volleys Fired 57 | . 24 33 Largest 2 | . 2 2 Hottest 95 | . 76 95 Shots Fired 113 | . 48 65 Gun 88 | . 48 40 Cannon 23 | . . 23 Launcher 2 | . . 2 Special . | . . . Kinetic 56 | . 24 32 Thermal 55 | . 24 31 Explosive 2 | . . 2 Electromagnetic . | . . . Robot Hit Streak 13 | . 6 13 Robot Miss Streak 3 | . 3 1 Penetration Max . | . . . Secondary Targets . | . . . Shots Hit Robots 78 | . 28 50 Core Hits 30 | . 10 20 Critical Kills . | . . . Critical Parts Destroyed . | . . . Critical Strikes 3 | . 1 2 Burn 2 | . 1 1 Blast 1 | . . 1 Melee Attacks . | . . . Impact . | . . . Slashing . | . . . Piercing . | . . . Sneak Attacks . | . . . Combat Hostiles . | . . . Follow-up Attacks . | . . . Damage Inflicted 1492 | . 367 1125 Guns 828 | . 367 461 Cannons 336 | . . 336 Explosions 328 | . . 328 Melee . | . . . Ramming . | . . . Kinetic 490 | . 130 360 Thermal 674 | . 237 437 Explosive 328 | . . 328 Electromagnetic . | . . . Impact . | . . . Slashing . | . . . Piercing . | . . . Highest Corruption . | . . . Average Corruption . | . . . Corruption Purged . | . . . Corruption Blocked . | . . . Overload Shots . | . . . Overflow Damage 19 | . . 19 Projectiles . | . . . Explosions 19 | . . 19 Melee . | . . . Knockbacks 7 | . . 7 Impact . | . . . Kinetic 7 | . . 7 Secondary . | . . . Self-Inflicted Damage 97 | . . 97 Shots 2 | . . 2 Rammed . | . . . Targets Rammed . | . . . Kicked . | . . . Crushed . | . . . Highest Temperature 280 | . 148 280 Average Temperature 65 | . 43 160 Received Heat Transfer 883 | . 48 835 Siege Activations . | . . . Robots Corrupted . | . . . Combat Hostiles . | . . . Parts Fried . | . . . Impact Corruptions . | . . . Robots Melted . | . . . Combat Hostiles . | . . . Parts Melted 2 | . 1 1 Heat Transferred 1628 | . 592 1036 Parts Sabotaged . | . . . Parts Stolen . | . . . Parts Stripped . | . . . Power Chain Reactions . | . . . Alert | -11 -10 -10 ------- Run | Yrd Mat Sub Peak Influence 159 | . 159 . Initial . | . . . Average 77 | . 86 . Maximum Alert Level . | . . . Low Security (%) 100 | 100 100 . Level 1 . | . . . Level 2 . | . . . Level 3 . | . . . Level 4 . | . . . Level 5 . | . . . High Security . | . . . Max Security . | . . . Squads Dispatched 2 | . 2 . Investigation 1 | . 1 . Extermination . | . . . Reinforcement 1 | . 1 . Assault . | . . . Garrison . | . . . Intercept . | . . . Searches Triggered . | . . . Construction Impeded . | . . . Haulers Reinforced . | . . . Active Scanning Responses . | . . . Cargo Convoy Interrupts . | . . . Stealth | -11 -10 -10 --------- Run | Yrd Mat Sub Distress Signals . | . . . Communications Jammed . | . . . Distress Signals . | . . . Times Spotted 33 | . 7 26 Peak Tracking Total 5 | . 2 5 Tactical Retreats 2 | . . 2 Traps | -11 -10 -10 ------- Run | Yrd Mat Sub Traps Triggered 1 | . 1 . Indirectly . | . . . Trap Hack Attempts . | . . . Triggered . | . . . Disarmed . | . . . Reprogrammed . | . . . Reused . | . . . Traps Extracted . | . . . Installed . | . . . Triggered . | . . . Machines | -11 -10 -10 ---------- Run | Yrd Mat Sub Machines Disabled . | . . . Max in Single Turn . | . . . Machines Repaired . | . . . Machines Dismantled . | . . . Machines Sabotaged . | . . . Overloaded Fab Kills . | . . . Hacking | -11 -10 -10 --------- Run | Yrd Mat Sub Machines Accessed 1 | . . 1 Terminals . | . . . Fabricators . | . . . Repair Stations . | . . . Recycling Units . | . . . Scanalyzers . | . . . Garrison Access . | . . . Total Hacks 4 | . . 4 Successful 4 | . . 4 Failed . | . . . Catastrophic . | . . . Database Lockouts . | . . . Manual . | . . . Terminals . | . . . Fabricators . | . . . Repair Stations . | . . . Recycling Units . | . . . Scanalyzers . | . . . Garrison Access . | . . . Terminal Hacks 4 | . . 4 Record 4 | . . 4 Fabricator Hacks . | . . . Repair Station Hacks . | . . . Recycling Unit Hacks . | . . . Scanalyzer . | . . . Garrison Access Hacks . | . . . Unauthorized Hacks . | . . . Terminals . | . . . Fabricators . | . . . Repair Stations . | . . . Recycling Units . | . . . Scanalyzers . | . . . Garrison Access . | . . . Data Cores Recovered . | . . . Used . | . . . Hacking Detections . | . . . Full Trace Events . | . . . Feedback Events . | . . . Feedback Blocked . | . . . Robot Schematics Acquired . | . . . Robots Built . | . . . Authchips . | . . . Time . | . . . Total Robot Build Rating . | . . . Part Schematics Acquired . | . . . Parts Built . | . . . Authchips . | . . . Time . | . . . Total Part Build Rating . | . . . Parts Repaired . | . . . Time . | . . . Parts Recycled . | . . . Recycled Matter . | . . . Retrieved Matter . | . . . Retrieved Components . | . . . Parts Scanalyzed . | . . . Part Schematics Acquired . | . . . Parts Damaged . | . . . Bothacking | -11 -10 -10 ------------ Run | Yrd Mat Sub Used RIF Installer . | . . . Robots Hacked . | . . . Non-combat . | . . . Combat . | . . . Robot Hacks Applied . | . . . Relay Couplers Released . | . . . Fabnet Peak Effective % . | . . . Robots Rewired . | . . . Allies Hacked . | . . . Hacks Repelled . | . . . Allies | -11 -10 -10 -------- Run | Yrd Mat Sub Total Allies . | . . . Largest Group . | . . . Highest-Rated Group . | . . . Highest-Rated Ally . | . . . Total Orders . | . . . Ally Attacks . | . . . Total Damage . | . . . Kills . | . . . Allies Corrupted . | . . . Allies Melted . | . . . Intel | -11 -10 -10 ------- Run | Yrd Mat Sub Robot Analysis Total . | . . . Derelict Logs Recovered . | . . . Drone Launches . | . . . Drone Recoveries . | . . . Exploration | -11 -10 -10 ------------- Run | Yrd Mat Sub Turns Passed 977 | 49 457 471 Spaces Moved 489 | 44 159 286 Core 5 | 5 . . Treads 2 | . . 2 Legs . | . . . Wheels 482 | 39 159 284 Hover . | . . . Flight . | . . . Fastest Speed 50 | 50 80 105 Average Speed 103 | 78 99 109 Slowest Speed 240 | 150 140 240 Overloaded Moves . | . . . Propulsion Burnouts . | . . . Robots Hopped . | . . . Cave-ins Triggered . | . . . Exploration Rate (%) 19 | 3 29 26 Regions Visited 2 Branch Regions 1 Pre-discovered Areas 1 | . . 1 Known Exits Taken . | . . . Unknown Exits Taken 2 | 1 1 . Scrap Searched 1 | . . 1 Spaces Dug . | . . . Terrain Destroyed 12 | . . 12 Melee . | . . . Projectile . | . . . AOE 12 | . . 12 Terrain Rammed . | . . . Walls Destroyed . | . . . Machines Disabled . | . . . Actions | -11 -10 -10 --------- Run | Yrd Mat Sub Total 845 | 55 414 376 Wait 248 | . 215 33 Move 487 | 43 158 286 Hop . | . . . Pick Up 21 | 6 8 7 Fast Attach 11 | 6 2 3 Attach 5 | . . 5 Detach 2 | . . 2 Swap 9 | . 3 6 Drop 5 | . 4 1 Fire 57 | . 24 33 Melee . | . . . Ram . | . . . Kick . | . . . Crush . | . . . Escape Stasis . | . . . Rewire . | . . . Trap . | . . . Miscellaneous . | . . . Route ------- -11/Scrapyard -10/Materials (discovered 3 exits: [*Mat] / [*Min] / *Sub) -10/Subcaves (discovered 2 exits: [*Mat] / [*Rec]) History --------- Turn | Location | Event 16 | -11/Scrapyard | Discovered new exit (range 16) 50 | -11/Scrapyard | Entered Materials 123 | -10/Materials | Discovered new exit (range 10) 208 | -10/Materials | Discovered new exit (range 16) 316 | -10/Materials | Build established: Mutant 498 | -10/Materials | Discovered new exit (range 9) 507 | -10/Materials | Entered Subcaves 512 | -10/Subcaves | Shifting Twisted Machinery released Battle Cannon 558 | -10/Subcaves | Visited Clippyterm 561 | -10/Subcaves | Learned location of Deep Caves (-6) 642 | -10/Subcaves | Discovered new exit (range 15) 705 | -10/Subcaves | A Subdweller sparked back to life 705 | -10/Subcaves | A Subdweller sparked back to life 705 | -10/Subcaves | A Subdweller sparked back to life 724 | -10/Subcaves | Found Prototype Power Core 724 | -10/Subcaves | Identified Meta Core 725 | -10/Subcaves | Attached Meta Core, gained temporary slots: Propulsion, Utility, Weapon 767 | -10/Subcaves | Core integrity fell below 50% 822 | -10/Subcaves | Discovered new exit (range 10) 963 | -10/Subcaves | Core integrity fell below 20% 978 | -10/Subcaves | Destroyed by 5O-JZJ(R) with Subdweller Beam Cannon Last Messages --------------- Machinery. 00922_ KH-89G(R) suffers critical hit (Burn). 00922_ KH-89G(R) knocked back. 00938_ KH-89G(R) affixes Scrap Shield Fragment to Scrap Shield. 00946_ KH-89G(R) destroyed. 00950_ 5O-JZJ(R): "SUB#$%&!" 00956_ Acquired 13 matter. 00959_ 5O-JZJ(R) affixes Scrap Shield Fragment to Scrap Shield. 00960_ Lgt. Treads destroyed. 00960_ Temporary Propulsion slot lost. 00960_ Critical hit (Meltdown: +290). 00963_ 1A-G1S(R) knocked back. 00974_ Critical hit (Destroy). 00974_ Sub. Monowheel destroyed. 00975_ 5O-JZJ(R) affixes Scrap Shield Fragment to Scrap Shield. 00976_ Critical hit (Meltdown: +290). 00978_ Battle Cannon destroyed. Map ----- +----------------------------------------------------+ | ????????????????????????????????????? | | ????????????????????????????????????? | | ????????????????????????????????????? | | ????????????????????????????????????? | | ????????????????????????????????????? | | ????????????????????????????????????? | | ????????????????????????????????????? | | ????????????????????????????????????? | | ????????????????????????????????????? | | ?????????????????? ?????????????????? | | ????????????????? ?? ????????????? | | ????????????????? ??? ????????????? | | ????????????????? #?? #???????????? | | ???????????????## ##? ???????????? | | ???????????????# #? ???????????? | | ?????#####???### ?? ???????????? | | ?????#<< <<##? ## #???????????? | | ?????< R< #?? ##??????????? | | ??????<< "?# # #??????????? | | ???????< ## # ## #??????????? | | ???????? "# ## ## #??????????? | | ?????????;; ## ## ## #??????????? | | ?????????# #< ## #???????????? | | ?????????# ! #?# #????????????? | | ?????????# % #?# #????????????? | | ?????????# #@ ### #???#######??? | | ???????? % ###< ## ###?# #??? | | ?????? % ???# #?# #??? | | ????? ???## #?# #??? | | ????##"""?????# ## #?# #??? | | ?????####?????## #### ##?# #### | | ???????????????# ## # #??## # # | | ???????????????### ##?# | | ????????????????# ## ### ## | | ????????????????##??# ## % | | ????????????????????### ### | | ??????????????????????####?# % | | ???????????????????????????# ##%% # | | ???????????????????????????# ###### | | ?????????????????????????? ##????# | | ????????????????????????? ?????# | | ??????????????????????? ?????# | | ?????????????????????? ?????? | | ?????????????????????# ????? | | ?????????????????????## ????? | | ??????????????????????####### ????# | | ?????????????????????????????###????? | | ????????????????????????????????????? | | ????????????????????????????????????? | | ????????????????????????????????????? | +----------------------------------------------------+ Best States ------------- Heat Dissipation 35 Energy Generation 17 Energy Capacity 250 Matter Stores 300 Matter Capacity 300 Sight Range 16 Terrain Scan Density 10 Evasion (%) 44 Recoil Reduction 1 Item Schematics ----------------- None Robot Schematics ------------------ None Fabricated ------------ Nothing Alien Tech Used ----------------- None Achievements -------------- None Challenges ------------ None Game ------ Seed DisruptionWeightStreamer Manual? 0 Play Time 00:14:38 Cumulative 22.0 hours Start 2024.04.26 @ 17:11:15 End 2024.04.27 @ 00:03:25 Sessions 1 Manual Loads 0 Difficulty Rogue Special Mode None Game No. 15 Rogue 15 Adventurer 0 Explorer 0 Win Type - Total 2 Types 2/0/0/0/0/0/0/0/0 Lore% 30 Gallery% 28 Achievement% 31 Wizard Run 0 Options --------- Layout 1 ASCII 0 Keyboard 0 Movement Vi Keybinds 0 Fullscreen 1 Font 18/SmallcapsGlow Map View 54x44 Zoom Use 0% Tactical HUD 1 Map Filters NONE Filters NONE Steam 0 RUN: 13dbab00-d316-436f-ab7f-acc03d1ce1f4